 Dungeon Crawl Stone Soup version 0.15-b1-55-g17c0860 (webtiles) character file.

208 zercules the Magician (level 5, 0/31 HPs)
             Began as an Octopode Conjurer on Aug 11, 2014.
             Hit by a tomahawk thrown by an orc (8 damage)
             ... on Level 4 of the Dungeon.
             The game lasted 00:18:34 (3544 turns).

zercules the Magician (Octopode Conjurer)           Turns: 3544, Time: 00:18:34

HP   0/31        AC  1     Str  7      XL: 5   Next: 86%
MP   3/15        EV 12     Int 18      God:
Gold 233         SH  0     Dex 13      Spells:  4 memorised,  4 levels left

rFire  . . .     SeeInvis .     (no weapon)
rCold  . . .     Clarity  .     (no shield)
rNeg   . . .     rCorr    .     (helmet restricted)
rPois  .         rRot     .     n - amulet of stasis
rElec  .         Spirit   .     (no ring)
SustAb .         Warding  .     (no ring)
rMut   .         Stasis   +     (no ring)
Gourm  .                        (no ring)
MR     .....                    (no ring)
                                (no ring)
                                (no ring)
                                (no ring)

@: not resistant to hostile enchantments, fairly stealthy
A: almost no armour, amphibious, 8 rings, constrict 8, camouflage 1, gelatinous
body 1
a: no special abilities


You were on level 4 of the Dungeon.
You were not hungry.

You visited 1 branch of the dungeon, and saw 4 of its levels.

You collected 233 gold pieces.


Innate Abilities, Weirdness & Mutations

You cannot wear most types of armour.
You are amphibious.
You can wear up to eight rings at the same time.
You can use your tentacles to constrict many enemies at once.
Your skin changes colour to match your surroundings (Stealth).
Your rubbery body absorbs attacks (AC +1).


   Skills:
 - Level 2.0 Dodging
 - Level 2.6 Stealth
 - Level 5.2 Spellcasting
 + Level 4.3 Conjurations


You had 4 spell levels left.
You knew the following spells:

 Your Spells              Type           Power        Failure   Level  Hunger
a - Magic Dart            Conj           ###.         1%          1    None
b - Searing Ray           Conj           ###...       3%          2    #......
c - Dazzling Spray        Conj/Hex       ##......     21%         3    ###....
d - Iskenderun's Mystic   Conj           ###.....     24%         4    ####...


Dungeon Overview and Level Annotations

Branches:
Dungeon (4/15)
 Temple: D:4-7

Altars:

Inventory:

Hand weapons
 o - a +0 mace of holy wrath
   (You found it on level 2 of the Dungeon)
 q - a +2 dagger of protection
   (You found it on level 3 of the Dungeon)
 s - a +2 dagger of venom
   (You found it on level 3 of the Dungeon)
 u - a +1 vampiric dagger
   (You took it off an orc on level 3 of the Dungeon)
 w - a +0 blowgun
Missiles
 v - 18 poisoned needles
Magical devices
 y - a wand of confusion (18) {unknown}
Comestibles
 b - 2 bread rations
 f - 2 royal jellies {!e}
 h - 2 meat rations
 m - 4 fruits
 z - a chunk of worker ant flesh {@w1}
Scrolls
 e - 2 scrolls of random uselessness {unknown}
 g - 2 scrolls of identify {@r9}
 i - 2 scrolls of remove curse {unknown}
 j - 2 scrolls of noise {unknown}
 r - a scroll of fear {unknown}
 t - a scroll of amnesia {unknown}
Jewellery
 n - an amulet of stasis (around mantle)
 p - an uncursed amulet of resist corrosion
Potions
 a - a potion of might {unknown}
 d - a potion of cancellation {unknown}
 k - a potion of curing {@q1}
 l - a potion of flight {unknown}
 x - a potion of agility {unknown}
 A - a potion of restore abilities {unknown}
Books
 c - a book of Conjurations

#..>.......'..............
#..........###########..##
#..........# #....
+..........# #.###
#..........# #.#
###...#...## #.###
#...#.### #....
#....o########## #####
#...[).@........
#o############## .. ##


You could see an orc priest and an orc.


Message History

Aim: an orc wearing a ring mail The magic dart hits the orc.
The orc is moderately wounded.
Casting: Magic Dart
Aiming: Magic Dart
Aim: an orc wearing a ring mail (moderately wounded)
The magic dart hits the orc.
You kill the orc!
An orc wizard comes into view. It is wielding a dagger.
Casting: Magic Dart
Aiming: Magic Dart
Aim: an orc wizard, wielding a dagger and wearing a robe (hasn't noticed you)
The magic dart hits the orc wizard.
Casting: Magic Dart
Aiming: Magic Dart
Aim: an orc wizard, wielding a dagger and wearing a robe The magic dart hits the orc wizard.
Casting: Magic Dart
Aiming: Magic Dart
Aim: an orc wizard, wielding a dagger and wearing a robe The magic dart hits the orc wizard.
The orc wizard is lightly wounded.
The orc wizard points at you and mumbles some strange words.
The magic dart hits you!
Casting: Magic Dart
Aiming: Magic Dart
Aim: an orc wizard, wielding a dagger and wearing a robe (lightly wounded)
The magic dart hits the orc wizard.
The orc wizard is moderately wounded.
Casting: Magic Dart
Aiming: Magic Dart
Aim: an orc wizard, wielding a dagger and wearing a robe (moderately wounded)
The magic dart hits the orc wizard.
The orc wizard is moderately wounded.
An orc comes into view.
You barely miss the orc wizard.
The orc wizard is moderately wounded.
You closely miss the orc wizard. You grab the orc wizard.
The orc wizard is moderately wounded.
You constrict the orc wizard, but do no damage.
The orc wizard completely misses you.
Casting: Magic Dart
Aiming: Magic Dart
Aim: an orc wizard, wielding a dagger and wearing a robe (moderately wounded, constricted by you)
The magic dart hits the orc wizard.
The orc wizard is moderately wounded.
You constrict the orc wizard, but do no damage.
The orc wizard barely misses you.
An orc priest comes into view. It is wielding a flail.
Casting: Magic Dart
Aiming: Searing Ray The searing ray hits the orc wizard.
The orc wizard is moderately wounded.
You constrict the orc wizard, but do no damage.
The orc wizard hits you with a dagger.
The orc priest mumbles some strange prayers to Beogh against you.
Something smites you!
* * * LOW HITPOINT WARNING * * *
The searing ray hits the orc wizard.
The orc wizard is severely wounded.
You constrict the orc wizard.
The orc wizard hits you but does no damage.
The orc priest's eyes start to glow.
The orc hits you but does no damage.
The searing ray hits the orc wizard.
You kill the orc wizard!
The orc closely misses you.
The orc priest glows brightly for a moment.
The orc throws a tomahawk.
The tomahawk hits you!
You die...

Action                   |  1- 3 |  4- 6 || total
-------------------------+-------+-------++-------
Melee: Unarmed           |     9 |    13 ||    22
       Mace              |     6 |     6 ||    12
 Fire: Blowgun           |       |     3 ||     3
 Cast: Magic Dart        |    61 |    70 ||   131
       Searing Ray       |     2 |     5 ||     7
  Use: Potion            |     1 |       ||     1
       Scroll            |       |     1 ||     1
 Stab: Sleeping          |     1 |       ||     1
       Distracted        |       |     1 ||     1
  Eat: Chunk             |     3 |     1 ||     4
       Meat ration       |       |     1 ||     1

Vault maps used:
D:1:      dpeg_arrival_prison
D:3:      grunt_decor_arrowhead, kennysheep_generic_room_14, uniq_iyjb
D:4:      st_stairs_8

Notes
Turn   | Place    | Note
--------------------------------------------------------------
     0 | D:1      | zercules, the Octopode Conjurer, began the quest for the Orb.
     0 | D:1      | Reached XP level 1. HP: 11/11 MP: 3/3
   207 | D:1      | Reached XP level 2. HP: 17/17 MP: 3/5
   218 | D:1      | Learned a level 2 spell: Searing Ray
   683 | D:1      | Reached skill level 3 in Spellcasting
   916 | D:1      | Reached XP level 3. HP: 21/21 MP: 2/8
   974 | D:1      | Learned a level 3 spell: Dazzling Spray
  1788 | D:3      | Noticed Ijyb
  1813 | D:3      | Killed Ijyb
  1813 | D:3      | Reached skill level 4 in Spellcasting
  1813 | D:3      | Reached XP level 4. HP: 18/27 MP: 1/11
  1983 | D:3      | HP: 6/27 [jackal (2)]
  2848 | D:3      | Reached XP level 5. HP: 31/31 MP: 10/13
  3236 | D:4      | Learned a level 4 spell: Iskenderun's Mystic Blast
  3276 | D:4      | Reached skill level 5 in Spellcasting
  3544 | D:4      | Hit by a tomahawk thrown by an orc

Vanquished Creatures
  An orc wizard (D:4)
  3 worker ants
  Ijyb (D:3)
  An adder (D:3)
  2 worms (D:2)
  A giant gecko (D:3)
  An ooze (D:1)
  10 orcs
  A ball python (D:2)
  8 bats
  3 giant cockroaches
  5 hobgoblins
  A quokka (D:3)
  A giant newt (D:1)
  6 goblins
  5 jackals (D:3)
  10 kobolds
  9 rats
69 creatures vanquished.
